 Dungeon Crawl Stone Soup version 0.24-a0-201-gf2055891f0 (webtiles) character file.

Game seed: 11326524609896474362

2657 Hercules1031 the Shield-Bearer (level 9, -2/72 HPs)
             Began as a Formicid Fighter on Mar 24, 2019.
             Killed from afar by an electric eel (11 damage)
             ... with a bolt of electricity
             ... on level 7 of the Dungeon.
             The game lasted 00:16:28 (5156 turns).

Hercules1031 the Shield-Bearer (Formicid Fighter)   Turns: 5156, Time: 00:16:28

Health: -2/72      AC: 13    Str: 23    XL:     9   Next: 94%
Magic:  9/9        EV: 11    Int:  9    God:
Gold:   356        SH: 12    Dex: 14    Spells: 8/8 levels left

rFire    + . .     SeeInvis +   a - +1 war axe
rCold    + . .     Gourm    .   c - +1 shield
rNeg     + . .     Faith    .   s - +0 chain mail
rPois    .         Spirit   .   (helmet unavailable)
rElec    .         Reflect  .   (no cloak)
rCorr    .         Harm     .   j - +2 pair of gloves
MR       .....                  (no boots)
Stlth    ..........             (no amulet)
HPRegen  0.22/turn              r - +1 ring of evasion
MPRegen  0.11/turn              u - ring "Buitiek" {rF+ rC+ rN+ Dex+4}

@: no status effects
A: permanent stasis, dig shafts and tunnels, four strong arms, antennae 3
a: Dig, Shaft Self


You were on level 7 of the Dungeon.
You were not hungry.

You visited 1 branch of the dungeon, and saw 7 of its levels.
You also visited: Sewer.

You collected 356 gold pieces.

Inventory:

Hand Weapons
 a - a +1 war axe (weapon)
Armour
 b - a +0 scale mail
 c - a +1 shield (worn)
 h - a +1 pair of gloves
 j - a +2 pair of gloves (worn)
 s - a +0 chain mail (worn)
Jewellery
 r - a +1 ring of evasion (left hand)
 u - the ring "Buitiek" (right hand) {rF+ rC+ rN+ Dex+4}
   (You found it on level 4 of the Dungeon)

   [ring of positive energy]

   It affects your dexterity (+4).
   It protects you from fire.
   It protects you from cold.
   It protects you from negative energy.
Wands
 d - a wand of acid (10)
 m - a wand of polymorph (3)
 n - a wand of scattershot (6)
 y - a wand of clouds (6)
 z - a wand of iceblast (6)
Scrolls
 e - 4 scrolls of enchant armour
 g - 5 scrolls of identify
 i - 3 scrolls of teleportation {unknown}
 k - 3 scrolls of immolation
 p - a scroll of enchant weapon
 q - 2 scrolls of magic mapping {unknown}
 t - 2 scrolls of blinking {unknown}
 v - 2 scrolls of fog {unknown}
 w - 3 scrolls of remove curse
 A - 2 scrolls of amnesia {unknown}
Potions
 l - 2 potions of resistance
 o - a potion of brilliance
 x - 2 potions of heal wounds
 B - a potion of magic {unknown}
 C - a potion of curing
 D - a potion of mutation {unknown}
Comestibles
 f - 8 rations


   Skills:
 + Level 7.1 Fighting
 + Level 5.9 Axes
 + Level 7.1 Armour
 + Level 5.0 Dodging
 + Level 7.8 Shields


You had 8 spell levels left.
You didn't know any spells.
Your spell library contained the following spells:

 Spells                   Type           Power        Failure   Level  Hunger
 Magic Dart               Conj           #...         98%         1    ##.....
 Call Imp                 Summ           #.......     99%         2    ###....
 Slow                     Hex            #.......     99%         2    ###....
 Conjure Flame            Conj/Fire      #.......     100%        3    ####...
 Mephitic Cloud           Conj/Pois/Air  #.......     100%        3    ####...
 Blink                    Tloc           Unusable     N/A         2    N/A

Dungeon Overview and Level Annotations

Branches:
Dungeon (7/15)             Temple (0/1) D:5

Altars:
Makhleb

Shops:
D:5 *


Innate Abilities, Weirdness & Mutations

You cannot be hasted, slowed, berserked, paralysed or teleported.
You can dig through walls and to a lower floor.
Your four strong arms can wield two-handed weapons with a shield.
You have a pair of large antennae on your head. (SInv)


Message History

The bolt of electricity hits the plant!
The bolt of electricity hits you.
The electric eel shoots out a bolt of lightning at you!
The bolt of electricity hits the plant!
The bolt of electricity hits you!
The electric eel shoots out a bolt of lightning at you!
The bolt of electricity hits the plant!
The bolt of electricity hits you.
You see here a scroll labeled JIMEISMOAJO.
Something bites the plant.
The plant is poisoned.
Something poisons the plant!
You hear a splashing noise.
Found a scroll labeled RIPPUD ECUEF.
There are no items here.
You see here a scroll labeled JIMEISMOAJO.
v - 2 scrolls labeled JIMEISMOAJO (gained 1)
The electric eel shoots out a bolt of lightning at you!
The bolt of electricity hits the plant!
The bolt of electricity hits you!
The electric eel shoots out a bolt of lightning at you!
The bolt of electricity hits the plant!
The bolt of electricity hits you!
* * * LOW HITPOINT WARNING * * *
The electric eel shoots out a bolt of lightning at you!
The bolt of electricity hits the plant!
The bolt of electricity hits you!
You die...

#.....≈P≈ ?PP#
#.....PP♣♣PP.P
#.....≈P♣≈≈PP
#......P≈♣≈♣ #...)^..P;≈♣
{≈≈≈.#
#.......PP♣♣♣♣≈PP.# .##
#........P≈≈♣♣≈≈.. .. #
#......@.PP≈≈≈PP.# .#.#
#........P.P≈P.P.###.#..
#........#P.≈P..........
...#####..####.#........#
#.....###))###.....<...#
# #.....[.......#..###
####....###.......###
#.##..##.....†...§ ...
##.#..#..##...§


You could see an electric eel.

Vanquished Creatures
  The ghost of xoxolimbo the Chopper, a novice HOFi of Beogh (D:6)
  Grinder (D:6)
  The ghost of Borgoz the Cutter, an amateur KoGl (D:3)
  A sky beast (D:7)
  4 ogres
  A crocodile (Sewer)
  7 big kobolds (D:6)
  A bullfrog (D:4)
  3 crimson imps
  2 jellies
  A hound (D:6)
  3 orc priests
  A centaur skeleton (D:6)
  Jessica (D:2)
  An iguana (D:6)
  4 orc wizards
  5 worker ants
  A hound skeleton (D:6)
  3 gnolls (D:5)
  8 adders
  2 howler monkey skeletons
  2 adder skeletons
  3 worms
  4 dart slugs
  6 leopard geckos
  16 orcs
  5 bats
  6 giant cockroaches
  4 goblins
  10 hobgoblins
  12 jackals
  5 quokkas
  3 ball pythons
  4 frilled lizards
  9 kobolds
  11 rats
152 creatures vanquished.

Notes
Turn   | Place    | Note
-------+----------+-------------------------------------------
     0 | D:1      | Hercules1031 the Formicid Fighter began the quest for the
                  | Orb.
     0 | D:1      | Reached XP level 1. HP: 18/18 MP: 1/1
    51 | D:1      | Reached XP level 2. HP: 11/24 MP: 2/2
   494 | D:1      | Reached XP level 3. HP: 28/29 MP: 3/3
   682 | D:2      | Noticed Jessica
   694 | D:2      | Killed Jessica
   694 | D:2      | Reached skill level 1 in Dodging
   694 | D:2      | Reached XP level 4. HP: 33/37 MP: 4/4
   837 | D:2      | Found a burning altar of Makhleb.
   837 | D:2      | Noticed an Executioner
   841 | D:2      | Noticed a smoke demon
   841 | D:2      | Noticed a neqoxec
  1483 | D:3      | Reached XP level 5. HP: 39/42 MP: 5/5
  1552 | D:3      | Found a runed translucent door.
  1557 | D:3      | Noticed Borgoz's ghost (amateur KoGl)
  1827 | D:3      | Reached XP level 6. HP: 43/48 MP: 6/6
  1974 | D:3      | Killed Borgoz's ghost
  2017 | D:4      | Reached skill level 5 in Shields
  2017 | D:4      | Reached XP level 7. HP: 55/55 MP: 7/7
  2090 | D:4      | Got a transparent golden ring
  2126 | D:4      | Identified the ring "Buitiek" {rF+ rC+ rN+ Dex+4} (You
                  | found it on level 4 of the Dungeon)
  2228 | D:4      | Found a glowing drain.
  2246 | Sewer    | Entered a sewer
  2439 | D:4      | Reached skill level 5 in Fighting
  2770 | D:4      | Reached skill level 5 in Armour
  3454 | D:5      | Entered Level 5 of the Dungeon
  3526 | D:5      | Reached XP level 8. HP: 56/62 MP: 8/8
  3744 | D:5      | Found Ditefis's General Store.
  3875 | D:5      | Found a staircase to the Ecumenical Temple.
  4389 | D:6      | Noticed Grinder
  4418 | D:6      | Killed Grinder
  4607 | D:6      | Found a runed translucent gate.
  4611 | D:6      | Found a runed translucent gate.
  4612 | D:6      | Found a runed translucent gate.
  4612 | D:6      | Noticed xoxolimbo's ghost (novice HOFi)
  4612 | D:6      | Identified the +1 whip of Valour {drain, rPois Dex+3}
  4643 | D:6      | Killed xoxolimbo's ghost
  4643 | D:6      | Reached skill level 5 in Axes
  4643 | D:6      | Reached XP level 9. HP: 23/71 MP: 9/9
  5130 | D:7      | Reached skill level 5 in Dodging
  5156 | D:7      | Killed from afar by an electric eel

Levels and vault maps discovered:
D:1:      psy_arrival_dodecagon, layout_rooms, serial_bayou_pond_c, st_stairs_6
D:2:      layout_basic, makhleb_altar_promises_db, chequers_avenue, uniq_jessica
D:3:      layout_rooms, first_ration, ebering_ghost_inner_flame
D:4:      layout_basic, cheibrodos_sewer_entry_drain
D:5:      layout_loops_corners, minmay_temple_entry_gardened_gates,
          serial_shops, nicolae_shop_behind_doors
D:6:      layout_loops_cross, serial_glass, glass_columns_a, glass_columns_a,
          due_unseen_surprise, feat_on_display, gammafunk_ghost_nasty_kobolds,
          uniq_grinder
D:7:      layout_rooms, kennysheep_mini_moat, lemuel_doored_altar, serial_shops,
          kennysheep_mini, serial_bayou_lagoon_a, uniq_harold
Sewer:    sewer_the_crocodile

Skill      XL: |  1  2  3  4  5  6  7  8  9 |
---------------+----------------------------+-----
Dodging        | 1 2 3 4 5 |  5.0
Shields        | 4 5 7 |  7.8
Fighting       | 4 5 6 7 |  7.1
Armour         | 4 5 6 7 |  7.1
Axes           | 3 4 5 |  5.9

Action                   |  1- 3 |  4- 6 |  7- 9 || total
-------------------------+-------+-------+-------++-------
Melee: War axe           |    76 |   182 |   274 ||   532
  Use: Scroll            |       |     4 |     1 ||     5
       Potion            |       |       |     8 ||     8
  Eat: Ration            |       |     2 |     3 ||     5
Armor: Scale mail        |    42 |    45 |       ||    87
       Chain mail        |       |    38 |   111 ||   149
Dodge: Dodged            |    27 |    75 |    98 ||   200
Block: Shield            |    63 |   105 |   177 ||   345

Table legend:
 A = Non-vault XP
 B = Vault XP
 C = Vault XP percentage of total XP
 D = Non-vault monster count
 E = Vault monster count
 F = Vault count percentage of total count
                 A         B        C        D         E       F
            +---------+---------+-------+---------+---------+-------
      Total |    1905 |    1892 |  49.8 |     131 |      21 |  13.8
            +---------+---------+-------+---------+---------+-------
        D:1 |      30 |       2 |   6.2 |      14 |       1 |   6.7
        D:2 |      54 |      37 |  40.7 |      25 |       1 |   3.8
        D:3 |     156 |     156 |  50.0 |      35 |       1 |   2.8
        D:4 |     449 |       4 |   0.9 |      21 |       3 |  12.5
        D:5 |     261 |       0 |   0.0 |      10 |       0 |   0.0
        D:6 |     542 |    1583 |  74.5 |      16 |       9 |  36.0
        D:7 |     413 |       0 |   0.0 |      10 |       0 |   0.0
      Sewer |       0 |     110 | 100.0 |       0 |       6 | 100.0
            +---------+---------+-------+---------+---------+-------
